 Dungeon Crawl Stone Soup version 0.21.1-1-g345015fe64 (webtiles) character file.

806 Holzbalken the Basher (level 7, 0/52 HPs)
             Began as a Demonspawn Monk on July 16, 2018.
             Slain by a scorpion (2 damage)
             ... on level 5 of the Dungeon.
             The game lasted 00:21:02 (6917 turns).

Holzbalken the Basher (Demonspawn Monk)             Turns: 6917, Time: 00:21:03

Health: 0/52       AC: 12    Str: 13    XL:     7   Next: 60%
Magic:  0/7        EV:  0    Int: 12    God:
Gold:   143        SH:  7    Dex: 15    Spells: 6/6 levels left

rFire    x . .     SeeInvis .   a - +0 mace
rCold    + . .     Gourm    .   j - +0 shield
rNeg     . . .     Faith    .   w - +0 chain mail
rPois    .         Spirit   +   y - +0 hat
rElec    .         Reflect  .   (no cloak)
rCorr    +         Harm     .   p - +0 pair of gloves
MR       .....                  g - +0 pair of boots
Stlth    ..........             (no amulet)
HPRegen  0.17/turn              m - ring of resist corrosion
MPRegen  0.10/turn              l - ring of ice

@: constricted
A: antennae 1, icy blue scales 1, nightstalker 1, magic shield
a: no special abilities


You were on level 5 of the Dungeon.
You were hungry.

You visited 2 branches of the dungeon, and saw 6 of its levels.

You collected 143 gold pieces.

Inventory:

Hand Weapons
 a - a +0 mace (weapon)
Missiles
 v - 4 steel tomahawks (quivered)
Armour
 b - a +0 robe
 d - a +0 scale mail
 f - a +0 leather armour
 g - a +0 pair of boots (worn)
 j - a +0 shield (worn)
 p - a +0 pair of gloves (worn)
 r - a +0 ring mail
 w - a +0 chain mail (worn)
 y - a +0 hat (worn)
Jewellery
 l - a ring of ice (right hand)
 m - a ring of resist corrosion (left hand)
 q - a cursed ring of teleportation {unknown}
Scrolls
 e - 3 scrolls of remove curse
 s - a scroll of enchant armour {unknown}
 B - a scroll of identify
Potions
 h - a potion of agility {unknown}
 k - 3 potions of curing
 n - 2 potions of brilliance
 o - 2 potions of heal wounds {unknown}
 t - a potion of mutation {unknown}
 u - a potion of ambrosia {unknown}
 x - a potion of degeneration {unknown}
 z - a potion of invisibility
 A - a potion of might {unknown}
Books
 i - a book of Callings

   Spells                             Type                      Level
   a - Summon Small Mammal            Summoning                    1
   b - Call Imp                       Summoning                    2
   c - Call Canine Familiar           Summoning                    3
   d - Summon Guardian Golem          Hexes/Summoning              3
   e - Summon Lightning Spire         Summoning/Air                4
   f - Summon Ice Beast               Ice/Summoning                4
Comestibles
 c - 6 rations


   Skills:
 - Level 3.0 Fighting
 + Level 8.3 Maces & Flails
 - Level 2.6 Dodging
 - Level 1.7 Stealth


You had 6 spell levels left.
You didn't know any spells.

Dungeon Overview and Level Annotations

Branches:
Dungeon (5/15)             Temple (1/1) D:4

Altars:
Ashenzari
Cheibriados
Dithmenos
Elyvilon
Gozag
Nemelex Xobeh
Okawaru
Ru
Sif Muna
Trog
Uskayaw
Vehumet
Xom
Zin
The Shining One

Shops:
D:4 *

Annotations:
D:3 Tali's ghost, amateur MiFi


Innate Abilities, Weirdness & Mutations

You have a pair of small antennae on your head.
You are partially covered in icy blue scales. (AC +2)
You are slightly more attuned to the shadows.
When hurt, damage is shared between your health and your magic reserves.


Message History

* * * LOW HITPOINT WARNING * * *
The ball python constricts you.
You hit the scorpion but do no damage.
The scorpion is severely wounded.
You block the scorpion's attack.
The howler monkey hoots and howls with incredible vigour!
The ball python bites you but does no damage.
The ball python constricts you.
You hear an angry hiss.
Your shield and chain mail prevent you from hitting the scorpion.
The scorpion is severely wounded.
You block the howler monkey's attack.
The scorpion stings you but does no damage.
The ball python bites you but does no damage.
The ball python constricts you. You block the howler monkey's attack.
Your shield and chain mail prevent you from hitting the scorpion.
The scorpion is severely wounded.
The ball python bites you but does no damage.
The ball python constricts you. The scorpion stings you.
You die...

.# #.# #. ...
.........
#.#.#.#.#.#.#!#
.............##
.#.#.#.#.#.#.#..
.....s.S......#
#.#.#@#.#.#.##
......h.......#
.#?#.#.#.#.#[##
##.###.###.# ...
#.# #.# ###.
..###.# ##
##...#.# #######
#.#.#.# #.....#
#.#.#.#


You could see a scorpion, a howler monkey and a ball python.

Vanquished Creatures
  2 ogres
  2 scorpions (D:4)
  A howler monkey (D:4)
  A crimson imp (D:4)
  An orc priest (D:4)
  A bullfrog skeleton (D:4)
  2 hounds
  Terence (D:2)
  An iguana (D:4)
  2 orc wizards (D:4)
  2 worker ants (D:4)
  A hound skeleton (D:4)
  Robin (D:2)
  6 adders
  A worm (D:2)
  6 dart slugs
  A leopard gecko (D:1)
  9 orcs
  3 bats
  2 giant cockroaches (D:1)
  15 goblins
  18 hobgoblins
  9 jackals (D:1)
  5 kobolds
  A quokka (D:2)
  8 frilled lizards
  A jackal skeleton (D:5)
  8 rats
111 creatures vanquished.

Notes
Turn   | Place    | Note
-------+----------+-------------------------------------------
     0 | D:1      | Holzbalken the Demonspawn Monk began the quest for the Orb.
     0 | D:1      | Reached XP level 1. HP: 18/18 MP: 1/1
    58 | D:1      | Reached skill level 3 in Maces & Flails
   350 | D:1      | Gained mutation: You are partially covered in icy blue scales. (AC +2) [demonic ancestry]
   350 | D:1      | Reached XP level 2. HP: 24/24 MP: 2/2
   694 | D:1      | Gained mutation: You have a pair of small antennae on your head. [demonic ancestry]
   694 | D:1      | Reached XP level 3. HP: 25/29 MP: 3/3
   805 | D:1      | Reached skill level 4 in Maces & Flails
  1390 | D:2      | Found an iron altar of Okawaru.
  1456 | D:2      | Reached XP level 4. HP: 23/35 MP: 4/4
  2091 | D:2      | Found a sparkling altar of Nemelex Xobeh.
  2183 | D:2      | Noticed Terence
  2204 | D:2      | Killed Terence
  2204 | D:2      | Reached skill level 5 in Maces & Flails
  2229 | D:2      | Noticed Robin
  2237 | D:2      | Gained mutation: When hurt, damage is shared between your health and your magic reserves. [demonic ancestry]
  2237 | D:2      | Reached XP level 5. HP: 27/41 MP: 5/5
  2354 | D:2      | Killed Robin
  3654 | D:3      | Found a shadowy altar of Dithmenos.
  3969 | D:3      | Noticed Tali's ghost (amateur MiFi)
  4519 | D:4      | Reached skill level 6 in Maces & Flails
  4734 | D:4      | Gained mutation: You are slightly more attuned to the shadows. [demonic ancestry]
  4734 | D:4      | Reached XP level 6. HP: 32/47 MP: 4/6
  5040 | D:4      | Reached skill level 7 in Maces & Flails
  5064 | D:4      | HP: 2/47 [poisoned by a scorpion]
  5072 | D:4      | HP: 1/47 [poisoned by a scorpion]
  5431 | D:4      | Found a staircase to the Ecumenical Temple.
  5439 | D:4      | Reached XP level 7. HP: 45/52 MP: 7/7
  5444 | Temple   | Entered the Ecumenical Temple
  5649 | D:4      | Found Uqasur Ynnu's General Store.
  6718 | D:4      | Reached skill level 8 in Maces & Flails
  6843 | D:5      | Entered Level 5 of the Dungeon
  6913 | D:5      | HP: 2/52 [scorpion (1)]
  6917 | D:5      | Slain by a scorpion

Skill      XL: |  1  2  3  4  5  6  7 |
---------------+----------------------+-----
Maces & Flails | 3 4 5 6 7 8 |  8.3
Fighting       | |  3.0
Dodging        | |  2.6
Stealth        | |  1.7

Action                   |  1- 3 |  4- 6 |  7- 9 || total
-------------------------+-------+-------+-------++-------
Melee: Mace              |   141 |   285 |   179 ||   605
  Use: Scroll            |       |     5 |       ||     5
 Stab: Sleeping          |     2 |     1 |       ||     3
  Eat: Chunk             |     2 |     9 |     5 ||    16
       Ration            |       |     1 |       ||     1
Armor: Robe              |     7 |       |       ||     7
       Leather armour    |    30 |    26 |       ||    56
       Chain mail        |       |   112 |   110 ||   222
       Scale mail        |       |    11 |       ||    11
       Ring mail         |       |     5 |       ||     5
Dodge: Dodged            |    98 |   179 |    49 ||   326
Block: Shield            |       |       |    15 ||    15
